 Dungeon Crawl Stone Soup version 0.27.0-1-g7a089689b8 (webtiles) character file.

Game seed: 2737049580413923987

9 nightchill the Sneak (level 2, -1/16 HPs)
             Began as a Kobold Enchanter on Aug 5, 2021.
             Killed from afar by a dart slug (4 damage)
             ... with a slug dart
             ... on level 1 of the Dungeon.
             The game lasted 00:01:01 (320 turns).

nightchill the Sneak (Kobold Enchanter)              Turns: 320, Time: 00:01:02

Health: -1/16      AC:  2    Str:  5    XL:     2   Next: 20%
Magic:  5/5        EV: 15    Int: 16    God:
Gold:   26         SH:  0    Dex: 15    Spells: 4/5 levels left

rFire    . . .     SeeInvis .   a - +1 dagger
rCold    . . .     Faith    .   (shield restricted)
rNeg     . . .     Spirit   .   b - +0 robe
rPois    .         Reflect  .   (no helmet)
rElec    .         Harm     .   (no cloak)
rCorr    .         Rampage  .   (no gloves)
Will     .....                  (no boots)
Stlth    ++++......             (no amulet)
HPRegen  0.05/turn              (no ring)
MPRegen  0.09/turn              (no ring)

@: no status effects
A: small, no large weapons, nightstalker 3
a: no special abilities


You were on level 1 of the Dungeon.
You visited 1 branch of the dungeon, and saw 1 of its levels.

You collected 26 gold pieces.

Inventory:

Hand Weapons
 a - a +1 dagger (weapon)
Armour
 b - a +0 robe (worn)
Jewellery
 e - a +6 ring of intelligence
Scrolls
 c - a scroll of fear {unknown}
 d - a scroll of enchant weapon {unknown}


   Skills:
 + Level 0.4 Fighting
 * Level 1.8 Short Blades
 - Level 2.4 Dodging
 * Level 4.3 Stealth
 - Level 2.1 Spellcasting
 * Level 3.1 Hexes


You had 4 spell levels left.
You knew the following spells:

 Your Spells              Type           Power      Damage    Failure   Level
a - Corona                Hex            12%        N/A       5%          1

Your spell library contained the following spells:

 Spells                   Type           Power      Damage    Failure   Level
 Ensorcelled Hibernation  Hex/Ice        12%        N/A       16%         2
 Confusing Touch          Hex            11%        N/A       17%         3
 Tukima's Dance           Hex            11%        N/A       17%         3
 Dazzling Flash           Conj/Hex       12%        N/A       32%         3


Dungeon Overview and Level Annotations

Branches:
Dungeon (1/15)

Altars:


Innate Abilities, Weirdness & Mutations

You are small and have problems with some larger weapons.
You are completely attuned to the shadows.


Message History

* * * LOW HITPOINT WARNING * * *
You hit the hobgoblin.
The hobgoblin is almost dead.
The hobgoblin hits you but does no damage.
You hit the hobgoblin.
You kill the hobgoblin!
You have reached level 2!
A dart slug comes into view.
A frilled lizard comes into view.
The hobgoblin hits you but does no damage.
Casting: Corona (safe; 5% risk of failure)
Confirm with . or Enter, or press ? or * to list all spells.
Aiming: Corona (safe; 5% risk of failure)
Press: ? - help, Shift-Dir - straight line, f - hobgoblin
Aim: a hobgoblin (chance to affect: 64%)
The hobgoblin is outlined in light.
The hobgoblin barely misses you.
You barely miss the hobgoblin.
The frilled lizard hisses angrily.
The hobgoblin hits you but does no damage.
You completely miss the hobgoblin.
The frilled lizard hisses.
The hobgoblin closely misses you.
You hit the hobgoblin.
The hobgoblin is moderately wounded.
The hobgoblin closely misses you.
You hit the hobgoblin.
The hobgoblin is severely wounded.
The hobgoblin hits you.
* * * LOW HITPOINT WARNING * * *
You hit the hobgoblin.
The hobgoblin is almost dead.
You hit the hobgoblin.
You kill the hobgoblin!
A quokka comes into view.
You hit the frilled lizard.
You kill the frilled lizard!
The dart slug misses you. The dart slug launches a dart at you.
The slug dart hits you.
You die...

#..#...# ######.###..# #...†..#
..# ##.###### #..## #..## #....
#######...# #####..#
##.......#.###.w....#
#..............r....##
#.###..#####@#####...# #.#
#..#...#.#...#.#.# #.#
#.g#.<.'.#.>.#.#.### ##.#
#..#...#.#...#.#.r.# ####..#
##.#####.##'##.###.### .....##
##...g................# ######
#..##'##.#####.........
#########..#...#.#...#.........
.†(........#...#.'...#..†......


You could see a dart slug and a quokka.

Vanquished Creatures
  A ball python (D:1)
  3 hobgoblins (D:1)
  A bat (D:1)
  2 frilled lizards (D:1)
  2 rats (D:1)
9 creatures vanquished.

Notes
Turn   | Place    | Note
-------+----------+-------------------------------------------
     0 | D:1      | nightchill the Kobold Enchanter began the quest for the
                  | Orb.
     0 | D:1      | Reached XP level 1. HP: 10/10 MP: 3/3
   251 | D:1      | Reached XP level 2. HP: 2/15 MP: 1/5
   320 | D:1      | Killed from afar by a dart slug

Illustrated notes

Levels and vault maps discovered:
D:1:      minmay_arrival_four_houses, layout_rooms,
          ebering_ecumenical_altar_abandoned

Action                   || total
-------------------------++-------
Melee: Dagger            ||    23
 Cast: Corona            ||     4
 Stab: Sleeping          ||     3
Armor: Robe              ||     5
Dodge: Dodged            ||    17
